 Dungeon Crawl Stone Soup version 0.28.0-53-g5a82cb258f (webtiles) character file.

Game seed: 16765722645197413748

6 mortz the Stinger (level 1, -4/13 HPs)
             Began as a Merfolk Venom Mage on June 12, 2022.
             Slain by a centaur skeleton (5 damage)
             ... on level 2 of the Dungeon.
             The game lasted 00:02:03 (933 turns).

mortz the Stinger (Merfolk Venom Mage)               Turns: 933, Time: 00:02:04

Health: -4/13      AC:  2    Str:  8    XL:     1   Next: 90%
Magic:  0/3        EV: 12    Int: 14    God:
Gold:   15         SH:  0    Dex: 14    Spells: 3/4 levels left

rFire   . . .      SeeInvis .   g - +0 short sword {short}
rCold   . . .      Faith    .   (no shield)
rNeg    . . .      Spirit   .   a - +0 robe
rPois   .          Reflect  .   (no helmet)
rElec   .          Harm     .   (no cloak)
rCorr   .          Rampage  .   (no gloves)
Will    .....                   (no boots)
Stlth   ++........              (no amulet)
HPRegen 0.04/turn               (no ring)
MPRegen 0.08/turn               (no ring)

@: no status effects
A: (nimble swimmer 2), mertail
a: no special abilities


You were on level 2 of the Dungeon.
You visited 1 branch of the dungeon, and saw 2 of its levels.

You collected 15 gold pieces.


Innate Abilities, Weirdness & Mutations

((You are very nimble when in or above water. (Stealth+, EV+, Speed+++)))
Your lower body shifts to a powerful aquatic tail in water.


   Skills:
 + Level 2.7 Dodging
 + Level 2.2 Stealth
 + Level 2.0 Spellcasting
 + Level 1.5 Transmutations
 + Level 3.6 Poison Magic


You had 3 spell levels left.
You knew the following spells:

 Your Spells              Type           Power      Damage    Failure   Level
a - Sting                 Tmut/Pois      32%        1d4       9%          1

Your spell library contained the following spells:

 Spells                   Type           Power      Damage    Failure   Level
 Poisonous Vapours        Pois/Air       12%        N/A       17%         2
 Mephitic Cloud           Conj/Pois/Air  4%         N/A       41%         3
 Olgreb's Toxic Radiance  Pois           11%        N/A       47%         4

Inventory:

Hand Weapons
 e - a +0 whip {mace}
   (You found it on level 1 of the Dungeon)
 g - a +0 short sword (weapon) {short}
   (You found it on level 1 of the Dungeon)
 h - a +0 hand axe {axe}
   (You found it on level 1 of the Dungeon)
 i - a +0 trident {polearm}
   (You found it on level 2 of the Dungeon)
Armour
 a - a +0 robe (worn)
Scrolls
 b - a scroll of magic mapping {unknown}
 d - 2 scrolls of identify {unknown}
Potions
 c - a potion of brilliance {unknown}
 f - a potion of heal wounds {unknown}

Dungeon Overview and Level Annotations

Branches:
Dungeon (2/15)

Altars:

#...<#.#
.######.###
..........#
########..#
#......# #.####.#
### #..#.#
#<##.#..#.# #
#.@Z.#..#.#
.####.#.####..#.#
.....(..>.......#
###.#...#.##....#
#...#....##.#
.....#######.#
........ #.#
.......## #.#
....... #.#


You could see a centaur skeleton.


Message History

Aiming: Sting (safe; 9% risk of failure)
Press: ? - help, Q - select action Shift-Dir - straight line, f - frilled lizard
Aim: a frilled lizard (48% to hit)
The sting hits the frilled lizard.
The frilled lizard is poisoned.
You kill the frilled lizard! 😎 MP[-1]
You lost 1 mp, and now have 2/3 mp.
Aiming: Sting (safe; 9% risk of failure)
Press: ? - help, Q - select action Shift-Dir - straight line, f - giant cockroach
Aim: a giant cockroach (68% to hit)
The sting hits the giant cockroach.
The giant cockroach is poisoned. 😎 MP[-1]
You lost 1 mp, and now have 1/3 mp.
Aiming: Sting (safe; 9% risk of failure)
Press: ? - help, Q - select action Shift-Dir - straight line, f/p - giant cockroach
Aim: a giant cockroach (almost dead, poisoned, 68% to hit)
The sting hits the giant cockroach.
The giant cockroach looks even sicker.
You kill the giant cockroach! 😎 MP[-1]
You lost 1 mp, and now have 0/3 mp.
There is an open door here.
Done exploring. 😎 MP[+3]
Your mp is fully restored (3).
You see here a +0 short sword {short}.
g - a +0 short sword (weapon)
{short} Done exploring.
(D) Dungeon
Where to? (? - help) As you open the door, it creaks loudly!
Unknown command.
There is an open door here.
You see here a +0 hand axe {axe}.
h - a +0 hand axe {axe} Done exploring.
(D) Dungeon
Where to? (Enter - D:2, ? - help)
There is a stone staircase leading down here.
You climb downwards.
There is a stone staircase leading up here.
You now have 15 gold pieces (gained 5).
Found a stone staircase leading down.
You see here a +0 trident {polearm}.
i - a +0 trident {polearm}
Found a stone staircase leading up.
There is a stone staircase leading down here.
A centaur skeleton comes into view.
Aiming: Sting (safe; 9% risk of failure)
Press: ? - help, Q - select action Shift-Dir - straight line, f - centaur skeleton
Aim: a centaur skeleton (dormant, 100% to hit)
The sting hits the centaur skeleton. 😎 MP[-1]
You lost 1 mp, and now have 2/3 mp.
You hit the centaur skeleton. The centaur skeleton hits you.
The centaur skeleton closely misses you. 😕 HP[-2]
You take 2 damage, and now have 11/13 hp.
Aiming: Sting (safe; 9% risk of failure)
Press: ? - help, Q - select action Shift-Dir - straight line, f/p - centaur skeleton
Aim: a centaur skeleton (moderately damaged, 100% to hit)
The sting hits the centaur skeleton.
The centaur skeleton partially resists.
The centaur skeleton closely misses you.
The centaur skeleton barely misses you.
The centaur skeleton closely misses you.
The centaur skeleton barely misses you. 😕 MP[-1]
You lost 1 mp, and now have 1/3 mp.
Aiming: Sting (safe; 9% risk of failure)
Press: ? - help, Q - select action Shift-Dir - straight line, f/p - centaur skeleton
Aim: a centaur skeleton (moderately damaged, 100% to hit)
The sting hits the centaur skeleton.
The centaur skeleton hits you.
The centaur skeleton closely misses you. 😕 HP[-1] MP[-1]
You take 1 damage, and now have 10/13 hp.
You lost 1 mp, and now have 0/3 mp.
You hit the centaur skeleton. The centaur skeleton hits you.
The centaur skeleton kicks you but does no damage. 😮 HP[-3]
You take 3 damage, and now have 7/13 hp.
MASSIVE DAMAGE!! (PAUSE)
You hit the centaur skeleton.
The centaur skeleton closely misses you.
The centaur skeleton kicks you.
* * * LOW HITPOINT WARNING * * *
The centaur skeleton closely misses you.
The centaur skeleton kicks you.
* * * LOW HITPOINT WARNING * * *
😨 HP[-3]
You take 3 damage, and now have 4/13 hp.
MASSIVE DAMAGE!! (PAUSE)
You hit the centaur skeleton. The centaur skeleton hits you.
* * * LOW HITPOINT WARNING * * *
The centaur skeleton kicks you but does no damage. 😱 HP[-3]
You take 3 damage, and now have 1/13 hp.
MASSIVE DAMAGE!! (PAUSE)
You hit the centaur skeleton but do no damage.
The centaur skeleton hits you.
You die...

Action                   || total
-------------------------++-------
Melee: Short sword       ||     5
       Unarmed           ||     1
 Cast: Sting             ||    13
Armor: Robe              ||     2
Dodge: Dodged            ||     9

Levels and vault maps discovered:
D:1:      dpeg_arrival_tiny_b, layout_loops_corners,
          shapermc_ecumenical_altar_notcrosses
D:2:      layout_basic, uniq_crazy_yiuf_cottage

Notes
Turn   | Place    | Note
-------+----------+-------------------------------------------
     0 | D:1      | mortz the Merfolk Venom Mage began the quest for the Orb.
     0 | D:1      | Reached XP level 1. HP: 13/13 MP: 3/3
     0 | D:1      | magus.rc [v1.9.6]
   602 | D:1      | Found a faded altar of an unknown god.
   932 | D:2      | HP: 1/13 [centaur skeleton (3)]
   933 | D:2      | Slain by a centaur skeleton

Vanquished Creatures
  A giant cockroach (D:1)
  A hobgoblin (D:1)
  A ball python (D:1)
  A bat (D:1)
  A frilled lizard (D:1)
  2 rats (D:1)
7 creatures vanquished.

Table legend:
 A = Non-vault XP
 B = Vault XP
 C = Vault XP percentage of total XP
 D = Non-vault monster count
 E = Vault monster count
 F = Vault count percentage of total count
                 A         B        C        D         E       F
            +---------+---------+-------+---------+---------+-------
      Total |       9 |       0 |   0.0 |       7 |       0 |   0.0
            +---------+---------+-------+---------+---------+-------
        D:1 |       9 |       0 |   0.0 |       7 |       0 |   0.0
            +---------+---------+-------+---------+---------+-------

Illustrated notes

Table legend:
 A = Kills in this place as a percentage of kills in entire the game.
 B = Kills by you in this place as a percentage of kills by you in the entire game.
 C = Kills by friends in this place as a percentage of kills by friends in the entire game.
 D = Other kills in this place as a percentage of other kills in the entire game.
 E = Experience gained in this place as a percentage of experience gained in the entire game.
 F = Experience gained in this place divided by the number of levels of this place that you have seen.
                   A       B       C       D       E      F
               +-------+-------+-------+-------+-------+----------------------
         Total | 100.0 | 100.0 |   N/A |   N/A | 100.0 |   4.5
       Dungeon | 100.0 | 100.0 |   N/A |   N/A | 100.0 |   4.5
               +-------+-------+-------+-------+-------+----------------------

Table legend: (Time is in decaauts)
 A = Elapsed time spent in this place.
 B = Non-inter-level travel time spent in this place.
 C = Inter-level travel time spent in this place.
 D = Time resting spent in this place.
 E = Time spent auto-exploring this place.
 F = Levels seen in this place.
 G = Mean time per level.
                   A        B        C        D        E       F      G
               +--------+--------+--------+--------+--------+-----+--------+
         Total |    932 |    916 |     16 |      0 |    849 |   2 |  466.0 |
       Dungeon |    932 |    916 |     16 |      0 |    849 |   2 |  466.0 |
               +--------+--------+--------+--------+--------+-----+--------+

Top non-repeatable levels by time:
     D:1: 884 daAuts
     D:2: 48 daAuts
